[Event "Late-Titled-Tuesday-Blitz-April-02-2024"]
[Site "Chess.com"]
[Date "2024.04.02"]
[Round "1"]
[White "santosalberto1987"]
[Black "Joshuachick"]
[Result "1-0"]
[WhiteElo "2504"]
[BlackElo "2873"]
[TimeControl "180+1"]
[EndTime "14:07:24 PDT"]
[Termination "santosalberto1987 won on time"]

1. e4 c6 2. c4 d5 3. exd5 cxd5 4. cxd5 Nf6 5. Qa4+ Nbd7 6. Bc4 g6 7. Nc3 Bg7 8.
Nf3 O-O 9. d3 a6 10. Qa3 Rb8 11. Bf4 b5 12. Bxb8 bxc4 13. Bf4 cxd3 14. O-O Nb6 15.
Rad1 Bf5 16. Qxa6 Nbxd5 17. Be5 Nxc3 18. Bxc3 Qd5 19. a4 Be4 20. Qb5 Qa8 21. Rfe1 Rd8 22. Ng5 Rd5 23. Nxe4 Rxb5 24. Nxf6+ Bxf6 25. axb5 Qd5 26. Bxf6 exf6 27. Rd2 Qxb5 28. g3 g5 29. Re3 h5 30.
Rexd3 Qc6 31. b4 Kg7 32. Rd5 Kg6 33. b5 Qb7 34. h4 g4 35. R2d4 f5 36. b6 f6 37. Rd6 Qf3 38. Rd7 1-0

[Event "Late-Titled-Tuesday-Blitz-April-02-2024"]
[Site "Chess.com"]
[Date "2024.04.02"]
[Round "1"]
[White "MightyMike_009"]
[Black "stasOR4ik"]
[Result "1-0"]
[WhiteElo "2748"]
[BlackElo "2420"]
[TimeControl "180+1"]
[EndTime "14:07:24 PDT"]
[Termination "MightyMike_009 won by resignation"]

1. d4 e6 2. c4 d5 3. Nc3 c5 4. cxd5 exd5 5. Nf3 Nf6 6. g3 Nc6 7. Ng1 cxd4 8. Nb1 Bb4+ 9. Bd2 Qa5 10. Nf3 O-O 11. Bg2 d3 12. O-O dxe2 13. Qxe2 Bg4 14. Bxb4 Qxb4 15. Nc3 Nd4 16. Qd3 Bxf3 17. Bxf3 Nxf3+ 18. Qxf3 d4 19. Ne4 Nxe4 20. Qxe4 Rfe8 21. Qc2 Rac8 22.
Qb3 Qxb3 23. axb3 a6 24. Rfd1 Red8 25. Ra4 d3 26. Rc4 Rxc4 27. bxc4 Kf8 28. Kf1 Rd4 29.
b3 Ke7 30. Ke1 Re4+ 31. Kf1 Rd4 32. Ke1 Kd6 33. Kd2 Kc5 34. Kc3 a5 35. Rd2 h5 36.
f3 h4 37. gxh4 Rxh4 38. Rg2 Rh3 39. Rg5+ Kb6 40. Rxg7 Rxf3 41. h4 f5 42. Rf7 Kc6 43. Rf6+ Kd7 44. h5 Ke7 45. Rb6 Rh3 46. h6 f4 47. Rxb7+ Kf6 48. h7 Kg6 49. c5 Re3 50. c6 Rh3 51. Rd7 Rh5 52. c7 Rc5+ 53. Kxd3 f3 54.
h8=Q f2 55. Qh3 f1=Q+ 56. Qxf1 a4 57. Qf7+ Kg5 58. Qe7+ Kf4 59. Qxc5 axb3 60. Rd4+ Kf3 61. Qf5+ 1-0

[Event "Late-Titled-Tuesday-Blitz-April-02-2024"]
[Site "Chess.com"]
[Date "2024.04.02"]
[Round "1"]
[White "Defend1r"]
[Black "Doublekk14"]
[Result "1-0"]
[WhiteElo "2646"]
[BlackElo "2347"]
[TimeControl "180+1"]
[EndTime "14:07:24 PDT"]
[Termination "Defend1r won on time"]

1. e4 c5 2. Nf3 e6 3. c3 d5 4. exd5 exd5 5. Bb5+ Nc6 6. O-O Nf6 7. Re1+ Be7 8. d4 O-O 9. dxc5 Bxc5 10. Bxc6 bxc6 11. Be3 Qb6 12. Bxc5 Qxc5 13. Nbd2 Bg4 14. h3 Bh5 15. Qc2 Rfe8 16. Nd4 Bg6 17. Qa4 Rec8 18. Re3 h6 19. Rae1 Qd6 20. N2b3 a6 21. Nf3 Ne4 22. c4 Rcb8 23.
cxd5 cxd5 24. Rd1 Rb4 25. Qa3 Rd8 26. Rd4 Rxd4 27. Nbxd4 Qxa3 28. Rxa3 Rd6 29. Ne5 Kf8 30. Ra5 Ke7 31. Nec6+ Kf6 32. Rxa6 Nc5 33. Ra7 Nd3 34. b4 Be4 35. f3 Bg6 36. b5 Nc5 37. b6 Bd3 38. b7 Nxb7 39. Rxb7 Bc4 40. a4 1-0

[Event "Late-Titled-Tuesday-Blitz-April-02-2024"]
[Site "Chess.com"]
[Date "2024.04.02"]
[Round "1"]
[White "semchik73"]
[Black "dedpihto_v_kozhanom_palto"]
[Result "0-1"]
[WhiteElo "2412"]
[BlackElo "2713"]
[TimeControl "180+1"]
[EndTime "14:07:25 PDT"]
[Termination "dedpihto_v_kozhanom_palto won by checkmate"]

1. Nf3 g6 2. c4 Bg7 3. d4 d6 4. Nc3 Nc6 5. d5 Nb8 6. e4 e5 7. dxe6 Bxe6 8. Be3 Nf6 9. h3 O-O 10. Be2 a5 11. O-O Na6 12. Qd2 Re8 13. Bh6 Bh8 14. Rad1 Nc5 15. Qc2 Bd7 16. Bg5 Bc6 17. e5 Bxf3 18.
Bxf3 Rxe5 19. Bf4 Re8 20. Bg5 Qd7 21. Nd5 Nxd5 22. Bxd5 Bg7 23. h4 h6 24. Be3 Qg4 25. f3 Qxh4 26. Bxc5 dxc5 27. Qxg6 Re7 28. g3 Qg5 29.
Qxg5 hxg5 30. b3 a4 31. Bxb7 Rb8 32. Be4 axb3 33. axb3 Bd4+ 34. Kg2 Rxb3 35. Rd2 Kg7 36. Rh1 g4 37. Rh7+ Kg8 38. Rh4 gxf3+ 39. Bxf3 Ree3 40. Rg4+ Kf8 41. Bd5 Re1 42. Ra2 Rc3 43. Rf4 f6 44.
Ra8+ Ke7 45. Rc8 Be5 46. Rg4 Rc2+ 47. Kf3 f5 48. Rg6 Bd4 49. Rxc7+ Kd8 50. Kf4 Rf2+ 51. Kg5 Kxc7 52. Rg7+ Bxg7 53. Kg6 Bd4 54. Kf7 Rg1 55. g4 fxg4+ 56. Ke6 g3 57. Be4 Re1 58. Kd5 Rf6 59.
Bf5 Rd6# 0-1

[Event "Late-Titled-Tuesday-Blitz-April-02-2024"]
[Site "Chess.com"]
[Date "2024.04.02"]
[Round "1"]
[White "BilicVladimir"]
[Black "Valiyev_Shahin"]
[Result "0-1"]
[WhiteElo "2617"]
[BlackElo "2463"]
[TimeControl "180+1"]
[EndTime "14:07:25 PDT"]
[Termination "Valiyev_Shahin won by resignation"]

1. e4 c5 2. Nf3 d6 3. d4 cxd4 4. Qxd4 Nc6 5. Bb5 Bd7 6. Bxc6 Bxc6 7. Bg5 Qc7 8. Nc3 e5 9. Qd3 Be7 10. O-O-O Rd8 11. Nd5 Bxd5 12. Qxd5 Bxg5+ 13. Nxg5 Nf6 14. Qd3 O-O 15. h4 h6 16. Qh3 Rc8 17. c3 Qc4 18. f3 Qxa2 19. Rxd6 Nh5 20. Kc2 Qa4+ 21. Kb1 Rxc3 22. Rd2 Rc6 23. Qf5 hxg5 24. hxg5 g6 25. Qh3 Ra6 26. Kc1 Qa1+ 27. Kc2 Rc6+ 28. Kd3 Qa4 29.
Ke2 Nf4+ 30. Kf2 Nxh3+ 31. Rxh3 Rc2 32. Kg3 Rxd2 33. Kg4 Rxg2+ 34. Kh4 Kg7 35. Rg3 Rh8+ 36. Kg4 Rxg3+ 37. Kxg3 Qc2 0-1

[Event "Late-Titled-Tuesday-Blitz-April-02-2024"]
[Site "Chess.com"]
[Date "2024.04.02"]
[Round "1"]
[White "Zhigalko_Sergei"]
[Black "Jahonas"]
[Result "0-1"]
[WhiteElo "2871"]
[BlackElo "2503"]
[TimeControl "180+1"]
[EndTime "14:07:26 PDT"]
[Termination "Jahonas won on time"]

1. e4 c6 2. d4 d5 3. e5 Bf5 4. Nf3 e6 5. Be2 Nd7 6. O-O Ne7 7. Nbd2 h6 8. a4 a5 9. Nb3 Bh7 10. Bd2 b6 11. Rc1 Nf5 12. c4 Be7 13. cxd5 cxd5 14. Bb5 O-O 15. Qe2 Ra7 16. Rc6 Nb8 17. Rcc1 Rc7 18. g3 Qc8 19. g4 Nh4 20. Nxh4 Bxh4 21. f4 Be7 22. Be3 Rc2 23. Rxc2 Qxc2 24. Qxc2 Bxc2 25.
Na1 Be4 26. Rc1 Bb4 27. Nc2 Be7 28. Ne1 Bh4 29. Ng2 Be7 30. Rc7 Bb4 31. Kf2 Bb1 32.
Ne1 Ba2 33. Nd3 Bc4 34. Nxb4 axb4 35. Bd2 Bxb5 36. axb5 Rd8 37. Bxb4 f6 38. Bd6 fxe5 0-1

[Event "Late-Titled-Tuesday-Blitz-April-02-2024"]
[Site "Chess.com"]
[Date "2024.04.02"]
[Round "1"]
[White "Carlitus2004"]
[Black "Yaacovn"]
[Result "0-1"]
[WhiteElo "2473"]
[BlackElo "2854"]
[TimeControl "180+1"]
[EndTime "14:07:26 PDT"]
[Termination "Yaacovn won on time"]

1. e4 c6 2. Nf3 d5 3. d3 Bg4 4. Nbd2 g6 5. h3 Bxf3 6. Nxf3 Bg7 7. e5 e6 8. d4 c5 9. c3 cxd4 10.
cxd4 Ne7 11. Bb5+ Nbc6 12. O-O O-O 13. Bg5 h6 14. Bf4 Qb6 15. Qa4 a6 16. Bxc6 Nxc6 17. Rfc1 Rfc8 18. Be3 Qb5 19. Qxb5 axb5 20. a3 Bf8 21. Nd2 Na5 22. Kf1 Nc4 23. Nxc4 bxc4 24.
Ke1 b5 25. Bd2 Ra4 26. Kd1 Rca8 27. Rab1 Kg7 28. Bc3 Be7 29. f4 h5 30. g3 Kh6 31.
g4 hxg4 32. hxg4 Kg7 33. Kc2 Rh8 34. Rh1 Raa8 35. Kd2 Rxh1 36. Rxh1 Rb8 37. Kc2 Ra8 38. Rh3 f6 39. Rh1 fxe5 40. dxe5 Rf8 41. Bd2 d4 42. Rf1 Bd8 43. Bb4 Rf7 44. Bc5 d3+ 45. Kc3 Ba5+ 46. Bb4 Bc7 47. Kd4 Rd7+ 48. Ke4 Rd5 49. Bc3 Rd8 50.
f5 gxf5+ 51. gxf5 Rf8 52. Rg1+ Kf7 53. fxe6+ Kxe6 54. Rg6+ Kd7 55. e6+ Kc8 56. Bb4 Rd8 57. Rg2 Bd6 58. Bxd6 Rxd6 59. Ke5 d2 60. e7 Kd7 0-1

[Event "Late-Titled-Tuesday-Blitz-April-02-2024"]
[Site "Chess.com"]
[Date "2024.04.02"]
[Round "1"]
[White "Kotlyar_K"]
[Black "MikeSailer"]
[Result "1-0"]
[WhiteElo "2579"]
[BlackElo "2194"]
[TimeControl "180+1"]
[EndTime "14:07:26 PDT"]
[Termination "Kotlyar_K won on time"]

1. e4 d5 2. exd5 Qxd5 3. Nc3 Qd6 4. d4 c6 5. Nf3 Bg4 6. Be3 Nf6 7. Qd2 e6 8. Ne5 Bh5 9. f3 Nbd7 10. O-O-O Nxe5 11. dxe5 Qxd2+ 12. Rxd2 Nd5 13. Nxd5 exd5 14. h4 Bg6 15. c4 Bb4 16. Rd1 dxc4 17. Bxc4 Bf5 18. g4 Be6 19. Bxe6 fxe6 20. Rd3 O-O 21. f4 Rad8 22. Rhd1 Rxd3 23.
Rxd3 Be7 24. h5 Rd8 25. Rxd8+ Bxd8 26. Bxa7 Kf7 27. Be3 g6 28. Kc2 gxh5 29. gxh5 Ke7 30. Kd3 Kd7 31. Ke4 Bh4 32. Bc5 b5 33. f5 exf5+ 34.
Kxf5 Be1 35. e6+ Ke8 36. Kf6 Bd2 37. Kg7 h6 38. Kg6 Bc1 39. Ba3 Bd2 40. Bc5 Bc1 41. Kg7 Bxb2+ 42. Kxh6 1-0

[Event "Late-Titled-Tuesday-Blitz-April-02-2024"]
[Site "Chess.com"]
[Date "2024.04.02"]
[Round "1"]
[White "Dzidzik2203"]
[Black "bipe137"]
[Result "1-0"]
[WhiteElo "2388"]
[BlackElo "2649"]
[TimeControl "180+1"]
[EndTime "14:07:27 PDT"]
[Termination "Dzidzik2203 won on time"]

1. b3 d5 2. Bb2 e6 3. Nf3 Nf6 4. e3 Be7 5. c4 O-O 6. Qc2 a5 7. g4 b6 8. g5 Ne4 9. h4 Bb7 10. d3 Bb4+ 11. Ke2 Nd6 12. a3 dxc4 13. bxc4 Bc5 14.
Nbd2 Nf5 15. Ne4 Be7 16. Bh3 Re8 17. Rag1 Bxe4 18. dxe4 Nd6 19. h5 Bf8 20. h6 b5 21. hxg7 Bxg7 22. Bxg7 Kxg7 23. Qc3+ Kg8 24. Bf5 exf5 25. Rxh7 f6 26. gxf6+ Kxh7 27. Ng5+ Kh6 28. f7 Rf8 29. Qe5 Qxg5 30. Rxg5 Kxg5 31. Qg7+ Kh4 32. Qxf8 Nxf7 33. Qxf7 Ra6 34. Qxc7 Nc6 35. cxb5 1-0

[Event "Late-Titled-Tuesday-Blitz-April-02-2024"]
[Site "Chess.com"]
[Date "2024.04.02"]
[Round "1"]
[White "joksijoksi"]
[Black "Msb2"]
[Result "0-1"]
[WhiteElo "2531"]
[BlackElo "3034"]
[TimeControl "180+1"]
[EndTime "14:07:29 PDT"]
[Termination "Msb2 won on time"]

1. d4 d5 2. c4 e6 3. Nc3 Bb4 4. Nf3 Nf6 5. cxd5 exd5 6. Qb3 a5 7. Bg5 c6 8. e3 O-O 9. Bd3 h6 10. Bh4 Be7 11. O-O Nbd7 12. Qc2 Re8 13. Ne5 Nxe5 14.
dxe5 Ng4 15. Bg3 Bf8 16. f4 Nxe3 17. Qf2 Ng4 18. Qf3 Qb6+ 19. Kh1 Qxb2 20. Rac1 d4 21. Ne4 Ne3 22. f5 Bxf5 23. Nf6+ gxf6 24. Bxf5 Nxf5 25.
Qxf5 Qxa2 26. exf6 Qe6 27. Qf3 Qe4 28. Qh5 d3 29. Rce1 Qh7 30. Rd1 Kh8 31. Rf4 Qg6 32. Qf3 Re6 33. Bh4 Rae8 34. Rg4 Qh7 35. h3 Re3 36. Qf2 R3e4 37. Rxe4 Qxe4 38. Qg3 Qg6 39. Qf3 Rd8 40. Bf2 a4 41. Bb6 Rd5 42. Qe3 Qxf6 43. Qe8 Kg7 44. Be3 Qe6 0-1

[Event "Late-Titled-Tuesday-Blitz-April-02-2024"]
[Site "Chess.com"]
[Date "2024.04.02"]
[Round "1"]
[White "ozates"]
[Black "martabartel"]
[Result "0-1"]
[WhiteElo "2564"]
[BlackElo "2231"]
[TimeControl "180+1"]
[EndTime "14:07:31 PDT"]
[Termination "martabartel won by resignation"]

1. e4 c5 2. Nc3 Nc6 3. Bb5 d6 4. Bxc6+ bxc6 5. f4 g6 6. Nf3 Bg7 7. O-O Nf6 8. d3 O-O 9. Qe1 Rb8 10.
Qh4 e6 11. f5 exf5 12. Bh6 Bxh6 13. Qxh6 Ng4 14. Qh3 fxe4 15. Nxe4 h5 16. Nfg5 d5 17.
Nxf7 Rxf7 18. Rxf7 Kxf7 19. Rf1+ Kg7 20. Nxc5 Qg5 21.
Qf3 Qe3+ 22. Qxe3 Nxe3 23. Re1 Nxc2 24. Re7+ Kf6 25. Rxa7 Rxb2 26. Rc7 Bg4 27. Rxc6+ Kg5 28. h3 Bf5 29. a4 Ne3 30. Ne6+ Bxe6 31. Rxe6 d4 32.
Kh1 Ra2 33. Re5+ Kf6 34. Rb5 Rxa4 35. Rc5 Ra3 36. Rc6+ Kf5 37. Rc5+ Kf4 38. Rc6 g5 39. Kh2 Rxd3 40. Rc8 Rd2 41. Rf8+ Ke5 42. Re8+ Kd5 43. Rg8 Rxg2+ 44. Kh1 Rf2 45. Rxg5+ Rf5 46. Rg8 Ke4 47. Re8+ Kd3 48. Kh2 Ke2 49. h4 d3 50.
Ra8 d2 51. Ra2 Rf2+ 52. Kg3 Rf3+ 53. Kh2 Ng4+ 54. Kg2 Rf2+ 55. Kg3 Rf3+ 56. Kg2 Rd3 57. Rb2 Ke1 58. Rb7 d1=Q 59. Re7+ Qe2+ 60. Rxe2+ Kxe2 0-1

[Event "Late-Titled-Tuesday-Blitz-April-02-2024"]
[Site "Chess.com"]
[Date "2024.04.02"]
[Round "1"]
[White "giovannibrandao7"]
[Black "Nathan_Filgueiras"]
[Result "0-1"]
[WhiteElo "2159"]
[BlackElo "2567"]
[TimeControl "180+1"]
[EndTime "14:07:31 PDT"]
[Termination "Nathan_Filgueiras won by resignation"]

1. e4 c5 2. Nf3 Nc6 3. Bb5 e5 4. O-O Bd6 5. Re1 Nge7 6. c3 a6 7. Bxc6 dxc6 8. d4 exd4 9. cxd4 Bg4 10. d5 cxd5 11. exd5 O-O 12. Nc3 b5 13. h3 Bh5 14. Ne4 Nxd5 15. Nxd6 Qxd6 16. Be3 Rad8 17. Rc1 Nxe3 18. Qxd6 Rxd6 19. Rxe3 c4 20. g4 Bg6 21. Ne5 Rfd8 22. b3 cxb3 23. axb3 Rd1+ 24. Rxd1 Rxd1+ 25. Kg2 f6 26. Nxg6 hxg6 27. Re6 Ra1 28. Rb6 Ra3 29. b4 g5 30. Rb7 Kh7 31. Ra7 Kg6 32. f3 Ra4 33. Kg3 Rxb4 34. Rxa6 Rb1 35. Rb6 b4 36. h4 gxh4+ 37. Kxh4 b3 38. Kg3 Kf7 39. Kf2 Ke7 40.
Rb7+ Kd6 41. Rxg7 b2 42. Rb7 Rh1 43. Kg3 b1=Q 0-1

[Event "Late-Titled-Tuesday-Blitz-April-02-2024"]
[Site "Chess.com"]
[Date "2024.04.02"]
[Round "1"]
[White "Flaccidmoves"]
[Black "aa175"]
[Result "0-1"]
[WhiteElo "2420"]
[BlackElo "2751"]
[TimeControl "180+1"]
[EndTime "14:07:34 PDT"]
[Termination "aa175 won on time"]

1. Nf3 d5 2. c4 c6 3. e3 Nf6 4.
Nc3 a6 5. b3 Bf5 6. d4 e6 7.
Nh4 Bb4 8. Bd2 Bxc3 9. Bxc3 Ne4 10. Nxf5 Nxc3 11. Qc2 Ne4 12. Ng3 Qa5+ 13. Ke2 Nf6 14. f3 Nbd7 15. Kf2 h5 16. h4 b5 17. cxd5 Nxd5 18.
Ne4 Qc7 19. Rc1 Rc8 20. Ng5 N7f6 21. a4 O-O 22. axb5 axb5 23. e4 Qf4 24. exd5 Qxd4+ 25. Kg3 Qe5+ 26. Kh3 exd5 27. Bxb5 cxb5 28. Qxc8 Rxc8 29.
Rxc8+ Ne8 30. Rhc1 g6 31. f4 Qf5+ 32. Kh2 Qxf4+ 33.
Kh1 Qxh4+ 34. Kg1 Qd4+ 35. Kh1 Qh4+ 36. Kg1 Qxg5 37. Rxe8+ Kg7 38. Rcc8 b4 39. Red8 h4 40.
Kf2 Qf4+ 41. Ke1 Qe3+ 42. Kf1 Qd3+ 43. Kg1 Qxb3 44. Rg8+ Kf6 45. Rc6+ Kg5 46. Re8 Qd1+ 47. Kh2 f5 48. Ree6 Qh5 49. Rcd6 b3 50. Rb6 h3 51. gxh3 Qd1 52. Rxg6+ Kf4 53. Rge6 d4 54. Red6 Kf3 55. Rg6 f4 56. Rg2 d3 57. Ra6 Qf1 0-1

[Event "Late-Titled-Tuesday-Blitz-April-02-2024"]
[Site "Chess.com"]
[Date "2024.04.02"]
[Round "1"]
[White "Fengwi"]
[Black "Meri-Arabidze"]
[Result "1-0"]
[WhiteElo "2446"]
[BlackElo "2694"]
[TimeControl "180+1"]
[EndTime "14:07:35 PDT"]
[Termination "Fengwi won on time"]

1. Nf3 Nf6 2. b3 b6 3. g3 Bb7 4.
Bg2 g6 5. Bb2 Bg7 6. O-O O-O 7.
c4 e6 8. d4 d5 9. cxd5 exd5 10.
Nc3 c5 11. e3 Na6 12. Qe2 Re8 13. Rfd1 Qe7 14. Rac1 Rad8 15. Ba3 Ne4 16. Na4 Rc8 17. Nd2 f5 18. dxc5 bxc5 19. Qb5 Bf8 20. Nb1 Red8 21.
Nbc3 Qc7 22. Bf1 Be7 23. Nxd5 Bxd5 24. Rxd5 Rxd5 25. Bc4 Rd8 26. Qxa6 Kg7 27. Bxd5 Rxd5 28. Bb2+ Kh6 29. Nc3 Rd2 30. Nxe4 Rxb2 31. Nf6 Qd8 32. Qxa7 Bxf6 33. Qxc5 Qd2 34. Rf1 Rxa2 35. Qf8+ Bg7 36. Qe7 g5 37. Qe6+ Kh5 38. Qxf5 Qd6 39. Qxh7+ Bh6 40.
Qf7+ Qg6 41. g4+ Kxg4 42. Qxg6 1-0

[Event "Late-Titled-Tuesday-Blitz-April-02-2024"]
[Site "Chess.com"]
[Date "2024.04.02"]
[Round "1"]
[White "Gabcur"]
[Black "Koksal06"]
[Result "0-1"]
[WhiteElo "2326"]
[BlackElo "2636"]
[TimeControl "180+1"]
[EndTime "14:07:37 PDT"]
[Termination "Koksal06 won by resignation"]

1. d4 Nf6 2. c4 e6 3. Nc3 Bb4 4. f3 O-O 5. e4 c5 6. a3 Bxc3+ 7.
bxc3 d6 8. Bd3 Nc6 9. Ne2 b6 10.
O-O Ba6 11. f4 Na5 12. e5 Ne8 13. f5 exf5 14. Ng3 Bxc4 15. Nxf5 Bxd3 16. Qxd3 dxe5 17.
d5 Nb3 18. Ra2 Nxc1 19. Rxc1 Nd6 20. c4 g6 21. Nxd6 Qxd6 22. a4 a5 23. Rb2 f5 24.
Rcb1 Rab8 25. Qg3 Qf6 26. h4 e4 27. Qc7 Qd4+ 28. Kh1 e3 29. Rxb6 Qxh4+ 30. Kg1 Rxb6 31. Qxb6 Qe4 32. Qe6+ Qxe6 33. dxe6 Re8 34. Kf1 Rxe6 35.
Ke2 Re4 36. Rb5 Rxc4 37. Rxa5 f4 38. Ra7 Rc2+ 39. Kf1 g5 40. a5 g4 41. a6 f3 42. gxf3 gxf3 43. Kg1 Rc1+ 44. Kh2 e2 0-1

[Event "Late-Titled-Tuesday-Blitz-April-02-2024"]
[Site "Chess.com"]
[Date "2024.04.02"]
[Round "1"]
[White "CarrotsandPizza"]
[Black "BebeBonito2022"]
[Result "1-0"]
[WhiteElo "2615"]
[BlackElo "2288"]
[TimeControl "180+1"]
[EndTime "14:07:37 PDT"]
[Termination "CarrotsandPizza won on time"]

1. e4 e5 2. Nf3 Nc6 3. Nc3 Nf6 4.
d4 exd4 5. Nxd4 Nxe4 6. Nxe4 Qe7 7. f3 d5 8. Bb5 Bd7 9. Bxc6 bxc6 10. O-O dxe4 11. fxe4 O-O-O 12. Qd3 Qb4 13. Qa6+ Qb7 14. Qxb7+ Kxb7 15. Be3 f6 16. Rae1 Re8 17. Bf2 Bd6 18.
Nf5 g6 19. Nxd6+ cxd6 20. Bd4 Rhf8 21. Bxf6 Re6 22. Bc3 Rfe8 23. Rf7 R8e7 24. Rxe7 Rxe7 25. Kf2 c5 26. e5 d5 27. Bd2 Rf7+ 28. Kg3 Be6 29. Bg5 d4 30. Bf6 Kc6 31. c3 dxc3 32. bxc3 Kd5 33. Rd1+ Ke4 34. a3 Bd5 35. Rb1 Rb7 36.
Re1+ Kf5 37. Rd1 Ke6 38. Kf4 Rb3 39. c4 Bxc4 40. Rd6+ Kf7 41. Rd7+ Ke6 42. Re7+ Kd5 43. Rxa7 Rb2 44. Rd7+ Ke6 45. Rd6+ Kf7 46. Bh4 Rxg2 47. Bg3 Be6 48. Rc6 Ra2 49. Rc7+ Ke8 50. Ra7 c4 51. Be1 1-0

[Event "Late-Titled-Tuesday-Blitz-April-02-2024"]
[Site "Chess.com"]
[Date "2024.04.02"]
[Round "1"]
[White "maracayo"]
[Black "Hamisandwich"]
[Result "0-1"]
[WhiteElo "2399"]
[BlackElo "2704"]
[TimeControl "180+1"]
[EndTime "14:07:38 PDT"]
[Termination "Hamisandwich won by resignation"]

1. e4 g6 2. d4 d6 3. Nf3 Bg7 4. Bd3 Nc6 5. c3 e5 6. dxe5 Nxe5 7. Nxe5 dxe5 8. O-O Nf6 9. Qe2 O-O 10. Bg5 h6 11. Be3 Qe7 12. f3 Nh5 13. Nd2 Nf4 14. Bxf4 exf4 15. Bc4 Rd8 16. Kh1 Bd7 17. Rad1 Be8 18.
Rfe1 a5 19. a3 c6 20. Ba2 b5 21. Nb3 Rxd1 22. Rxd1 b4 23. Nd4 bxc3 24. bxc3 Qxa3 25.
Qc4 Rd8 26. Rb1 Kh7 27. h4 c5 28. Ne2 Rd2 29. h5 Qxa2 30. hxg6+ fxg6 31. Qxa2 Rxa2 32.
Nxf4 g5 33. Ne6 Bxc3 34. Rb7+ Kg6 35. Nf8+ Kh5 36. g3 Be5 37. Re7 Bxg3 38. Rxe8 a4 39. Re6 a3 40. Ra6 Rh2+ 41. Kg1 a2 42.
Ne6 Be5 43. Nxc5 Rb2 44. Nd3 Rb1+ 45. Kg2 a1=Q 46. Rxa1 Bxa1 0-1

[Event "Late-Titled-Tuesday-Blitz-April-02-2024"]
[Site "Chess.com"]
[Date "2024.04.02"]
[Round "1"]
[White "NovakRatko"]
[Black "Mops_2004"]
[Result "0-1"]
[WhiteElo "2446"]
[BlackElo "2795"]
[TimeControl "180+1"]
[EndTime "14:07:39 PDT"]
[Termination "Mops_2004 won on time"]

1. c4 g6 2. d4 Bg7 3. Nc3 d6 4. e4 e5 5. d5 a5 6. f4 Na6 7. fxe5 Bxe5 8. Nf3 Bg4 9. Be2 Bxf3 10. Bxf3 Nf6 11. Bh6 Ng4 12. Bd2 Nxh2 13. Qa4+ Qd7 14. Qxa5 O-O 15. Qb5 c6 16. Qb3 Bg3+ 17. Ke2 Ng4 18. Rh3 Be5 19. Rah1 h5 20. a3 Rac8 21. Rxh5 gxh5 22. Rxh5 Nf6 23. Rg5+ Kh8 24. Qd1 Nh7 25.
Qh1 f6 26. Bg4 Qe7 27. Rh5 Rc7 28. Bf5 Rf7 29. b4 Nb8 30. Nd1 cxd5 31. exd5 Bf4+ 32. Kd3 Bxd2 33. Kxd2 Nd7 34. Be6 Rg7 35. Ne3 Ne5 36. Nf5 Nxc4+ 37. Ke2 Qf8 38. Nxg7 Rxg7 39.
Bf5 Qe7+ 40. Kd1 Ne3+ 41. Kd2 Nxf5 42. Rxf5 Qe4 43. Rf2 Qxd5+ 44. Ke2 Re7+ 0-1

[Event "Late-Titled-Tuesday-Blitz-April-02-2024"]
[Site "Chess.com"]
[Date "2024.04.02"]
[Round "1"]
[White "trriinu"]
[Black "Statham_01"]
[Result "0-1"]
[WhiteElo "2284"]
[BlackElo "2613"]
[TimeControl "180+1"]
[EndTime "14:07:39 PDT"]
[Termination "Statham_01 won on time"]

1. e4 e5 2. Nc3 Nf6 3. g3 Bc5 4. Bg2 d6 5. d3 Nc6 6. Na4 h6 7. Ne2 Be6 8. O-O Qd7 9. Nxc5 dxc5 10. f4 Bh3 11. fxe5 Nxe5 12. Be3 Bxg2 13. Kxg2 O-O-O 14.
Bxc5 Qc6 15. Rxf6 gxf6 16. b4 b6 17. Bg1 h5 18. Nd4 Qd7 19. Nf5 h4 20. a4 hxg3 21.
hxg3 a6 22. Qe2 Kb7 23. Ra3 Rhg8 24.
a5 Ng6 25. Qe3 Rde8 26. Qf2 Re5 27. axb6 c6 28. Ne3 Nh4+ 29. Kf1 Qh3+ 30. Ke1 Rxg3 31. Nc4 Rg2 32. Qxf6 Rxg1+ 33. Kd2 Qe6 34. Qh8 Rg2+ 35. Kc3 Rb5 36. Qxh4 Rg6 37. Qd8 Qf6+ 0-1

[Event "Late-Titled-Tuesday-Blitz-April-02-2024"]
[Site "Chess.com"]
[Date "2024.04.02"]
[Round "1"]
[White "Caracal3000"]
[Black "sillypiggy2024"]
[Result "0-1"]
[WhiteElo "2531"]
[BlackElo "1749"]
[TimeControl "180+1"]
[EndTime "14:07:40 PDT"]
[Termination "sillypiggy2024 won by checkmate"]

1. e4 c6 2. d4 d5 3. Nc3 dxe4 4. Nxe4 Bf5 5. Ng3 Bg6 6. h4 h6 7. f4 e6 8. Nf3 Nd7 9. h5 Bh7 10. Bd3 Bxd3 11. Qxd3 Ngf6 12. Bd2 Bd6 13. O-O-O Qc7 14.
Ne5 O-O 15. Ne4 Nxe4 16. Qxe4 Nf6 17. Qf3 c5 18. dxc5 Qxc5 19. Bc3 b5 20. g4 Rac8 21. Rh2 Nd5 22. Nd7 Bxf4+ 23. Kb1 Qd6 24. Rf2 Qxd7 25. Qxf4 Nxc3+ 26. bxc3 Qxd1+ 27. Kb2 Qd5 28. g5 Qxg5 29. Qf3 Qc5 30. Rg2 Kh7 31. Qg3 Rg8 32. Qd3+ Kh8 33.
Qd7 Qxc3+ 34. Kb1 Qb4+ 35. Kc1 Qe1+ 36. Kb2 Qb4+ 37. Kc1 a5 38. Qd1 Qa3+ 39. Kb1 Rc3 40. Qc1 Qxc1+ 41. Kxc1 Rc6 42. Rxg7 Rgc8 43. Rg8+ Kxg8 44.
Kd2 Kf8 45. Kd3 Ke7 46. Ke3 Rd6 47. c4 Rdc6 48. cxb5 Rb6 49. a4 Rc5 50. Kd4 Rcxb5 51. Kc4 Rb4+ 52. Kc5 Rxa4 53. Kxb6 Ra2 54. Kb5 a4 55.
Ka5 a3 56. Kb4 Ra1 57. Kb3 a2 58. Kb2 Rh1 59. Kxa2 Rxh5 60. Kb3 Rg5 61. Kc4 h5 62. Kd4 h4 63. Ke4 h3 64. Kf4 Rg6 65. Kf3 h2 66. Kf2 h1=Q 67. Ke3 Qf1 68. Ke4 Rg2 69. Ke5 Re2+ 70. Kd4 Qd1+ 71. Kc5 Rc2+ 72. Kb5 Qb1+ 73. Ka5 Ra2# 0-1

[Event "Late-Titled-Tuesday-Blitz-April-02-2024"]
[Site "Chess.com"]
[Date "2024.04.02"]
[Round "1"]
[White "Koalaskakistis"]
[Black "Sanan_Sjugirov"]
[Result "0-1"]
[WhiteElo "2514"]
[BlackElo "2975"]
[TimeControl "180+1"]
[EndTime "14:07:41 PDT"]
[Termination "Sanan_Sjugirov won by resignation"]

1. e4 c5 2. Nf3 Nc6 3. d4 cxd4 4. Nxd4 e5 5. Nb5 d6 6. c4 g6 7. N5c3 Bg7 8. Nd5 Be6 9. Nbc3 Rc8 10. Be3 Nge7 11.
Be2 O-O 12. O-O f5 13. Nxe7+ Qxe7 14. Nd5 Qf7 15. f3 Nd4 16. b3 Bxd5 17. exd5 Nxe2+ 18. Qxe2 a6 19. Rad1 Rfe8 20. b4 Rcd8 21. Bb6 Rd7 22.
Qd3 Rde7 23. c5 e4 24. fxe4 Rxe4 25. cxd6 Qd7 26. Bc5 Be5 27. a3 Bxd6 28. Rc1 h5 29. Rfd1 Kh7 30. Qf3 R8e7 31. Qc3 R4e5 32. Qf3 Re2 33. Qc3 R2e5 34. Qf3 Re8 35. Qc3 R5e7 36. Qf6 Be5 37. Qb6 Rf7 38. d6 f4 39. Re1 f3 40. g3 h4 41. Bf2 hxg3 42. Bxg3 Qh3 43. Qf2 Bd4 0-1

[Event "Late-Titled-Tuesday-Blitz-April-02-2024"]
[Site "Chess.com"]
[Date "2024.04.02"]
[Round "1"]
[White "nabukatnezarr"]
[Black "chessydotcom"]
[Result "1-0"]
[WhiteElo "2627"]
[BlackElo "2305"]
[TimeControl "180+1"]
[EndTime "14:07:41 PDT"]
[Termination "nabukatnezarr won by resignation"]

1. b3 d5 2. Bb2 c5 3. e3 e6 4.
Nf3 Nf6 5. Bb5+ Bd7 6. Be2 Bd6 7. O-O Bc6 8. d4 O-O 9. Nbd2 Nbd7 10. Ne5 Bxe5 11.
dxe5 Ne4 12. Nxe4 dxe4 13. Qd6 Qb6 14. Rfd1 Rad8 15. a4 a5 16. Ba3 Qa7 17. h4 Qa8 18.
h5 h6 19. Bxc5 Nf6 20. Qxf8+ Rxf8 21. Bxf8 Qxf8 22. exf6 gxf6 23. Rd2 Qc5 24. Rad1 b5 25. axb5 Bxb5 26. Bxb5 Qxb5 27. Ra1 Qxh5 28. Rd8+ Kg7 29. Ra8 Qc5 30. c4 Qb4 31. R8xa5 Qxb3 32. Rc1 Qb2 33. Raa1 f5 34. c5 Qb7 35. c6 Qc7 36. Rab1 f4 37. Rb7 Qc8 38. exf4 Kf6 39. g3 h5 40. Rb5 h4 41. c7 hxg3 42. Rb8 gxf2+ 43. Kxf2 Qa6 44. c8=Q Qa2+ 45. Rc2 Qa7+ 46. Ke2 Qd4 47. Qc3 1-0

[Event "Late-Titled-Tuesday-Blitz-April-02-2024"]
[Site "Chess.com"]
[Date "2024.04.02"]
[Round "1"]
[White "Eagle_2019"]
[Black "Good_Knight_Kiss"]
[Result "1-0"]
[WhiteElo "2868"]
[BlackElo "2484"]
[TimeControl "180+1"]
[EndTime "14:07:42 PDT"]
[Termination "Eagle_2019 won on time"]

1. Nf3 Nf6 2. g3 g6 3. Bg2 Bg7 4. O-O O-O 5. d3 d6 6. Nbd2 c5 7. e4 Nc6 8. c3 Rb8 9. a4 a6 10. Nc4 b5 11. axb5 axb5 12. Ne3 b4 13. Bd2 Nd7 14.
Qc1 Nde5 15. Ne1 Ng4 16. h3 Nxe3 17. Bxe3 Bd7 18. Bh6 bxc3 19. bxc3 Qb6 20. Bxg7 Kxg7 21. Nc2 Qb2 22. Qd2 Be6 23. Rfc1 Rb3 24. h4 Qxc3 25. Qd1 Qf6 26. Rab1 Rfb8 27. Rxb3 Rxb3 28. Rb1 Rb2 29.
Rxb2 Qxb2 30. Ne3 Nd4 31. f4 h5 32. f5 Bb3 33. Qe1 Qe2 34. Qxe2 Nxe2+ 35. Kf2 Nd4 36. fxg6 fxg6 37. g4 Kf6 38. g5+ Ke5 39. Bh3 e6 40. Ng2 d5 41. exd5 exd5 42. Bd7 Bc2 43. Ne1 Bb1 44. Be8 Nf5 45. Bxg6 Nxh4 46. d4+ cxd4 47. Bxb1 Nf5 48. Nf3+ 1-0